 Dungeon Crawl Stone Soup version 0.28.0-53-g5a82cb258f (webtiles) character file.

Game seed: 2713395515904690384

3058 safid the Severer (level 9, -1/108 HPs)
             Began as a Hill Orc Fighter on Aug 11, 2022.
             Was a Follower of Beogh.
             Slain by an orc
             ... wielding a +3 trident
              (5 damage)
             ... on level 6 of the Dungeon on Aug 12, 2022.
             The game lasted 00:07:31 (7140 turns).

safid the Severer (Hill Orc Fighter)                Turns: 7140, Time: 00:07:31

Health: -1/108     AC:  7    Str: 23    XL:     9   Next: 87%
Magic:  9/10       EV: 10    Int:  8    God:    Beogh [*.....]
Gold:   243        SH:  5    Dex: 16    Spells: 8/8 levels left

rFire   . . .      SeeInvis .   a - +0 war axe
rCold   . . .      Faith    .   c - +0 buckler
rNeg    . . .      Spirit   .   b - +0 scale mail
rPois   .          Reflect  .   (no helmet)
rElec   .          Harm     .   (no cloak)
rCorr   .          Rampage  .   (no gloves)
Will    .....                   (no boots)
Stlth   ..........              (no amulet)
HPRegen 0.28/turn               d - +6 ring of dexterity
MPRegen 0.12/turn               (no ring)

@: berserking (expiring), studying Short Blades, very quick
A: no striking features
a: Renounce Religion


You were on level 6 of the Dungeon.
You worshipped Beogh.
Beogh was aware of your devotion.
You visited 1 branch of the dungeon, and saw 6 of its levels.

You collected 243 gold pieces.

Inventory:

Hand Weapons
 a - a +0 war axe (weapon)
Missiles
 g - 15 poisoned darts (quivered)
Armour
 b - a +0 scale mail (worn)
 c - a +0 buckler (worn)
Jewellery
 d - a +6 ring of dexterity (left hand)
 z - a ring of flight
Wands
 j - a wand of acid (4)
 t - a wand of polymorph (15)
 B - a wand of charming (10)
Scrolls
 e - 3 scrolls of teleportation
 f - a scroll of torment
 h - 2 scrolls of fog
 o - a scroll of enchant armour
 s - a scroll of silence {unknown}
 v - a scroll of enchant weapon {unknown}
 x - a scroll of brand weapon {unknown}
 y - a scroll of vulnerability {unknown}
 A - a scroll of immolation {unknown}
 C - a scroll of holy word {unknown}
Potions
 i - a potion of magic {unknown}
 k - a potion of heal wounds
 l - a potion of curing {unknown}
 m - a potion of degeneration {unknown}
 n - a potion of lignification {unknown}
 p - 2 potions of flight
 r - a potion of attraction {unknown}
 u - a potion of brilliance {unknown}
 w - a potion of mutation {unknown}


   Skills:
 + Level 4.4 Fighting
 - Level 16.0 Axes
 + Level 1.0 Throwing
 + Level 4.3 Armour
 + Level 1.0 Dodging
 - Level 4.0 Shields
 + Level 1.6 Invocations
 + Level 1.1 Evocations


You had 8 spell levels left.
You didn't know any spells.
Your spell library contained the following spells:

 Spells                   Type           Power      Damage    Failure   Level
 Animate Skeleton         Necr           0%         N/A       80%         1
 Apportation              Tloc           0%         N/A       80%         1
 Summon Small Mammal      Summ           0%         N/A       80%         1
 Cause Fear               Hex            0%         N/A       100%        4
 Dragon Form              Tmut           0%         N/A       100%        7
 Dragon's Call            Summ           0%         N/A       100%        9


Dungeon Overview and Level Annotations

Branches:
Dungeon (6/15)             Temple (0/1) D:6

Altars:
Dithmenos
Nemelex Xobeh
Ru
Sif Muna

Shops:
D:4 *

Annotations:
D:6 1 runed translucent door


Message History

An orc comes into view. It is wielding a +0 dagger.
An orc priest comes into view. It is wielding a +0 mace.
The orc shouts! x2
The orc hits you from afar with a +0 trident.
* * * LOW HITPOINT WARNING * * *
The orc hits you but does no damage.
There is an open translucent door, spattered with blood here.
Things that are here:
a +0 club; an orc corpse You slice the orc priest!!
You kill the orc priest!
Beogh accepts your kill.
Beogh appreciates your killing of a heretic priest.
You closely miss the orc.
The orc hits you from afar with a +0 trident.
* * * LOW HITPOINT WARNING * * *
The orc shouts, "You're not the messiah, I am!"
The orc hits you with a +0 hand axe.
* * * LOW HITPOINT WARNING * * *
The orc hits you with a +0 club.
* * * LOW HITPOINT WARNING * * *
You see here a +0 mace.
Unknown command.
You barely miss the orc. You slash the orc!
You kill the orc!
Beogh accepts your kill.
You slash the orc!
You kill the orc!
Beogh accepts your kill. The orc hits you with a +0 trident.
* * * LOW HITPOINT WARNING * * *
The orc barely misses you.
You closely miss the orc.
Unknown command.
You barely miss the orc. You slash the orc!
You kill the orc!
Beogh accepts your kill. You block the orc's attack.
The orc hits you from afar with a +3 trident.
You die...

..## ##†##
#.o...o.# .##
#...# #.8...8.#
## #..##
#...[(..# # #.##
#.......# #
#.######.8)).8.#
#
#......#...o...#
#
#.####.##.o...##
######.#
#.##8)o)8#
.......#
#.###)@.##
.#######
#.####)## .#
#..))))# ##
######## #


You could see 3 orcs.

Vanquished Creatures
  The ghost of Lance11888 the Skirmisher, a novice HOFi of Beogh (D:6)
  3 yaks (D:6)
  Duvessa (D:5)
  2 orc warriors (D:6)
  2 sky beasts
  A necrophage (D:4)
  2 ogres (D:6)
  3 centaurs
  A phantom (D:3)
  2 bullfrogs (D:6)
  A scorpion (D:6)
  A water moccasin zombie (D:5)
  2 water moccasin skeletons (D:6)
  Dowan (D:5)
  A centaur zombie (D:5)
  2 jellies
  3 bullfrog skeletons
  An orc priest (D:6)
  A centaur skeleton (D:6)
  A hound (D:4)
  2 orc wizards (D:6)
  An iguana (D:6)
  Natasha (thrice) (D:3)
  2 hound skeletons
  11 adders
  8 gnolls
  A shadow imp (D:5)
  A white imp (D:6)
  2 worms
  A dart slug (D:5)
  29 orcs
  6 ball pythons
  7 endoplasms
  A giant cockroach (D:1)
  8 goblins
  9 hobgoblins
  6 quokkas
  A bat (D:2)
  A frilled lizard (D:3)
  5 kobolds
  5 rats
142 creatures vanquished.

Vanquished Creatures (others)
  10 plants
10 creatures vanquished.

Grand Total: 152 creatures vanquished

Notes
Turn   | Place    | Note
-------+----------+-------------------------------------------
     0 | D:1      | safid the Hill Orc Fighter began the quest for the Orb.
     0 | D:1      | Reached XP level 1. HP: 19/19 MP: 1/1
    49 | D:1      | Reached XP level 2. HP: 27/27 MP: 2/2
    60 | D:1      | Reached skill level 3 in Axes
   344 | D:1      | Found a faded altar of an unknown god.
   921 | D:2      | Reached XP level 3. HP: 30/33 MP: 3/3
  1002 | D:2      | Reached XP level 4. HP: 34/40 MP: 4/4
  1077 | D:2      | Reached skill level 4 in Axes
  1666 | D:3      | Noticed a phantom
  1688 | D:3      | Killed a phantom
  1689 | D:3      | Reached skill level 5 in Axes
  1689 | D:3      | Reached XP level 5. HP: 5/46 MP: 5/5
  2122 | D:3      | Reached skill level 6 in Axes
  2272 | D:3      | Found a sacrificial altar of Ru.
  2320 | D:3      | Noticed Natasha
  2326 | D:3      | Killed Natasha
  2427 | D:3      | Noticed Natasha
  2437 | D:3      | Killed Natasha
  2458 | D:3      | Noticed Natasha
  2473 | D:3      | Killed Natasha
  2474 | D:3      | Reached skill level 7 in Axes
  2474 | D:3      | Reached XP level 6. HP: 21/52 MP: 6/6
  3871 | D:4      | Reached skill level 8 in Axes
  3957 | D:4      | Noticed a sky beast
  3970 | D:4      | Killed a sky beast
  3971 | D:4      | Reached XP level 7. HP: 46/59 MP: 7/7
  4043 | D:4      | Found Rikoex's Assorted Antiques.
  4048 | D:4      | Reached skill level 9 in Axes
  4289 | D:4      | Found a shimmering blue altar of Sif Muna.
  4414 | D:4      | Found a shadowy altar of Dithmenos.
  4524 | D:4      | Found a sparkling altar of Nemelex Xobeh.
  4619 | D:5      | Entered Level 5 of the Dungeon
  4679 | D:5      | Reached skill level 10 in Axes
  4934 | D:5      | Noticed Duvessa
  4939 | D:5      | Noticed Dowan
  4955 | D:5      | Killed Duvessa
  4955 | D:5      | Killed Dowan
  4956 | D:5      | Reached skill level 11 in Axes
  4956 | D:5      | Reached XP level 8. HP: 37/66 MP: 6/8
  4975 | D:5      | Became a worshipper of Beogh the Brigand
  5527 | D:5      | Reached skill level 12 in Axes
  5989 | D:6      | Found a staircase to the Ecumenical Temple.
  6046 | D:6      | Noticed a yak
  6046 | D:6      | Noticed a yak
  6046 | D:6      | Noticed a yak
  6055 | D:6      | Killed a yak
  6056 | D:6      | Reached skill level 13 in Axes
  6057 | D:6      | Killed a yak
  6058 | D:6      | Reached XP level 9. HP: 71/71 MP: 9/9
  6061 | D:6      | Reached skill level 14 in Axes
  6241 | D:6      | Found a runed translucent door.
  6245 | D:6      | Noticed Lance11888's ghost (novice HOFi)
  6261 | D:6      | Found a runed translucent door.
  6683 | D:6      | Found a runed translucent door.
  6785 | D:6      | Reached skill level 15 in Axes
  6794 | D:6      | Killed Lance11888's ghost
  6794 | D:6      | Reached * piety under Beogh
  6798 | D:6      | Reached skill level 16 in Axes
  7087 | D:6      | Reached skill level 1 in Invocations
  7133 | D:6      | Reached skill level 1 in Throwing
  7133 | D:6      | Reached skill level 1 in Dodging
  7133 | D:6      | Reached skill level 1 in Evocations
  7137 | D:6      | HP: 4/108 [orc/+0 club (2)]
  7140 | D:6      | Slain by an orc

Illustrated notes

Levels and vault maps discovered:
D:1:      scummos_arrival_simple_crosswalls, layout_loops_ring,
          hellmonk_ecumenical_altar_slurped_away
D:2:      layout_loops_ring, serial_forest, infiniplex_forest_clump_small,
          infiniplex_forest_straight_3, infiniplex_forest_clump_small,
          infiniplex_forest_clump_long, infiniplex_forest_end_double,
          infiniplex_forest_lined_3_way, infiniplex_forest_clump_small,
          minmay_surrounded
D:3:      layout_basic, lemuel_round_altar, serial_bayou_lake_a, uniq_natasha
D:4:      layout_basic, mainiacjoe_overflow_paths,
          mainiacjoe_overflow_boulevard, led_sif_pool, serial_shops,
          shop_statue, fountainhead, minmay_manual_mess
D:5:      layout_rooms, serial_bayou_ford_a, uniq_duvessa
D:6:      layout_loops_ring, minmay_temple_entry_stoned_glass,
          ebering_ghost_sewer_f, chequers_decorated_corner,
          hellmonk_bongcloud_opening, lightli_church_of_beogh

Skill      XL: |  1  2  3  4  5  6  7  8  9 |
---------------+----------------------------+-----
Axes           | 3 5 7 8 11 13 16 | 16.0
Fighting       | 4 |  4.4
Armour         | 4 |  4.3
Shields        | 4 |  4.0
Invocations    | 1 |  1.6
Throwing       | 1 |  1.0
Dodging        | 1 |  1.0
Evocations     | 1 |  1.1

Action                   |  1- 3 |  4- 6 |  7- 9 || total
-------------------------+-------+-------+-------++-------
Melee: War axe           |    49 |   175 |   283 ||   507
Invok: Convert to Beogh  |       |       |     1 ||     1
  Use: Potion            |       |       |     5 ||     5
       Scroll            |       |       |     7 ||     7
Armor: Scale mail        |    20 |    74 |    89 ||   183
Dodge: Dodged            |    20 |    85 |    92 ||   197
Block: Buckler           |     8 |    44 |    42 ||    94
